Map: Emerald City LE

Players

Massa - Winner!

  • Race: Terran Terran
  • League: Platinum
  • Spawn Location: 11:00

qqq - Winner!

  • Race: Protoss Protoss
  • League: Platinum
  • Spawn Location: 11:00

GoSu

  • Race: Terran Terran
  • Spawn Location: 5:00

Interpol

  • Race: Terran Terran
  • Spawn Location: 5:00

VOD

Have the link to the VOD?

Description

Time

  • Played on: Sept. 27, 2020, 9:39 a.m.
  • Length: 12:14
Show
View Real Time Build Order
Export as new Build Order

Massa Terran - Winner!

Build Orders: Gas First Reaper Expand 

Get SALT Encoding   

  12  0:00  SCV  
  13  0:12  SCV  
  14  0:21  Supply Depot  
  14  0:24  SCV  
  15  0:31  Refinery  
  15  0:43  SCV  
  15  0:45  Barracks  
  16  0:55  SCV  
  17  1:07  SCV  
  18  1:19  SCV  
  19  1:38  Reaper  
  20  1:40  Command Center  
  20  1:46  Orbital Command  
  20  2:07  Factory  
  20  2:10  Marine  
  20  2:15  SCV  
  22  2:17  Supply Depot  
  22  2:27  SCV  
  23  2:39  SCV  
  24  3:10  Factory Reactor  
  23  3:16  Barracks Tech Lab  
  23  3:20  Orbital Command  
  23  3:26  Command Center  
  23  3:28  Refinery  
  23  3:30  Engineering Bay  
  23  3:34  SCV  
  24  3:38  Marauder  
  24  3:39  Stimpack  
  26  3:46  SCV  
  27  3:53  Bunker  
  27  3:54  Hellion x2  
  31  4:00  Marauder  
  32  4:16  Hellion  
  34  4:18  Hellion  
  34  4:24  Starport  
  36  4:30  Marauder  
  38  4:37  Hellion  
  40  4:50  Widow Mine  
  42  4:53  Marauder  
  42  4:58  Widow Mine, SCV x2  
  48  5:08  Missile Turret  
  48  5:10  SCV  
  48  5:11  SCV, Orbital Command  
  50  5:17  Missile Turret  
  50  5:19  Concussive Shells  
  50  5:23  SCV x2  
  52  5:29  Missile Turret  
  52  5:37  Factory Tech Lab, Barracks  
  52  5:40  Missile Turret  
  52  5:49  Medivac  
  54  5:50  Missile Turret  
  54  5:57  Barracks  
  54  6:01  Barracks  
  54  6:02  Combat Shield  
  54  6:06  Refinery  
  54  6:08  Siege Tank  
  57  6:14  SCV  
  57  6:15  SCV x2  
  60  6:26  SCV  
  61  6:35  Supply Depot x2  
  61  6:37  Supply Depot  
  61  6:40  Terran Infantry Weapons Level 1  
  61  6:46  Barracks Reactor  
  61  6:50  Barracks Tech Lab  
  61  6:56  SCV x2, Marauder, Marine x2, Medivac  
  61  6:57  SCV  
  61  6:58  Supply Depot  
  61  6:59  Supply Depot  
  61  7:00  Siege Tank  
  61  7:01  Supply Depot  
  73  7:07  Refinery  
  73  7:08  SCV x2  
  73  7:14  Marine  
  76  7:17  Engineering Bay  
  76  7:20  Armory  
  76  7:21  Supply Depot  
  76  7:23  Supply Depot  
  76  7:30  Missile Turret  
  76  7:32  SCV x2  
  78  7:44  SCV x2  
  78  7:47  Supply Depot  
  80  7:52  Marauder x2  
  80  7:53  Marine  
  80  7:55  Marine  
  80  7:56  SCV x2  
  80  7:57  Marine  
  89  7:58  Orbital Command  
  89  7:59  Marine  
  90  8:08  SCV x2  
  90  8:11  Marine  
  93  8:12  Marine  
  93  8:13  Marauder, Marine  
  93  8:15  Marine  
  98  8:26  Terran Infantry Armor Level 1  
  100  8:28  Terran Vehicle Weapons Level 1  
  100  8:31  Marauder  
  100  8:33  Armory  
  94  8:37  Siege Tank  
  94  8:40  Starport Tech Lab  
  93  8:46  SCV x3  
  96  8:58  SCV x3  
  99  9:10  SCV  
  89  9:37  Marauder  
  91  9:39  Marine x2  
  91  9:40  Marauder, Marine x2  
  97  9:57  Marine x4  
  97  9:58  Marauder  
  98  10:00  Marine  
  99  10:15  Marine x4  
  99  10:19  Marauder x2  
  107  10:26  Banshee  
  110  10:29  Siege Tank  
  110  10:33  Marine x4  
  117  10:40  Marauder  
  117  10:41  Marauder  
  121  10:51  Marine x4  
  125  11:01  Siege Tank  
  125  11:02  Marauder x2  
  132  11:08  Marine  
  133  11:12  Barracks  
  133  11:13  Barracks  
  133  11:19  Supply Depot  
  133  11:20  Supply Depot  
  133  11:23  Supply Depot  
  133  11:24  Supply Depot  
  133  11:33  Command Center  
  133  11:41  Marauder, Marine x4  
  133  11:42  Marauder  
  144  11:48  Supply Depot  
  144  11:49  Supply Depot  
  144  11:50  Supply Depot  
  144  11:52  Supply Depot  
  148  12:03  Barracks  
Show
View Real Time Build Order
Export as new Build Order

qqq Protoss - Winner!

Build Orders: Carriers 

Get SALT Encoding   

  12  0:00  Probe  
  13  0:15  Pylon  
  13  0:19  Probe  
  14  0:31  Probe  
  15  0:41  Forge  
  15  0:43  Probe  
  16  0:55  Probe  
  17  1:01  Pylon  
  17  1:27  Photon Cannon  
  16  2:02  Probe  
  16  2:09  Gateway  
  16  2:14  Probe  
  17  2:20  Nexus  
  17  2:21  Assimilator  
  17  2:23  Assimilator  
  17  2:26  Probe  
  18  2:39  Probe  
  19  2:51  Probe  
  20  3:00  Cybernetics Core  
  20  3:03  Probe (Chrono Boost)  
  20  3:04  Pylon  
  21  3:15  Probe (Chrono Boost)  
  22  3:21  Probe (Chrono Boost)  
  23  3:29  Probe  
  24  3:35  Probe  
  24  3:40  Stargate  
  25  3:41  Probe  
  25  3:43  Pylon  
  25  3:44  Stargate  
  25  3:53  Probe  
  25  3:55  Pylon  
  26  3:56  Pylon  
  26  4:04  Photon Cannon  
  26  4:05  Probe  
  26  4:08  Probe  
  28  4:15  Pylon  
  28  4:20  Probe (Chrono Boost)  
  28  4:22  Probe (Chrono Boost)  
  30  4:28  Phoenix (Chrono Boost)  
  30  4:30  Probe (Chrono Boost)  
  34  4:33  Probe (Chrono Boost)  
  36  4:40  Probe  
  36  4:42  Phoenix (Chrono Boost)  
  37  4:50  Phoenix (Chrono Boost)  
  37  4:52  Probe  
  40  4:54  Assimilator  
  40  4:56  Probe  
  40  4:57  Assimilator  
  41  5:04  Probe  
  42  5:08  Probe, Phoenix  
  45  5:14  Phoenix  
  45  5:16  Probe  
  45  5:20  Probe  
  49  5:28  Probe  
  49  5:32  Probe  
  51  5:38  Phoenix  
  51  5:40  Probe  
  54  5:46  Nexus  
  54  5:53  Pylon  
  54  5:57  Pylon  
  54  6:39  Phoenix x2  
  58  6:41  Probe  
  59  6:53  Probe  
  60  6:54  Fleet Beacon  
  60  6:57  Stargate x2  
  61  7:02  Probe (Chrono Boost), Pylon  
  61  7:03  Probe (Chrono Boost), Robotics Facility, Protoss Air Weapons Level 1  
  61  7:06  Photon Cannon  
  61  7:08  Probe (Chrono Boost), Photon Cannon  
  63  7:12  Photon Cannon  
  64  7:15  Probe (Chrono Boost)  
  64  7:16  Phoenix  
  64  7:19  Phoenix  
  64  7:22  Probe (Chrono Boost)  
  69  7:29  Probe  
  70  7:42  Probe  
  71  7:47  Carrier  
  77  7:54  Probe  
  77  7:56  Observer  
  79  8:01  Tempest  
  84  8:06  Probe  
  85  8:17  Observer  
  85  8:18  Probe  
  87  8:20  Assimilator  
  87  8:24  Carrier, Assimilator  
  87  8:26  Nexus  
  93  8:27  Pylon  
  93  8:28  Pylon  
  93  8:30  Probe  
  93  8:32  Pylon  
  90  8:42  Probe  
  90  8:47  Carrier  
  97  8:51  Photon Cannon  
  97  8:53  Photon Cannon  
  97  8:54  Probe  
  98  8:55  Photon Cannon  
  98  8:59  Photon Cannon  
  98  9:06  Probe  
  95  9:18  Probe  
  92  9:30  Probe  
  92  9:31  Carrier x2  
  98  9:43  Probe  
  99  9:46  Carrier  
  102  10:01  Tempest  
  88  10:37  Carrier  
  94  10:43  Probe  
  95  10:55  Probe  
  96  10:58  Photon Cannon  
  96  11:02  Photon Cannon  
  96  11:03  Photon Cannon  
  96  11:04  Photon Cannon  
  96  11:07  Probe  
  96  11:08  Nexus  
  96  11:10  Pylon  
  97  11:12  Pylon x2  
  97  11:17  Photon Cannon  
  97  11:19  Probe  
  97  11:20  Shield Battery  
  98  11:26  Observer  
  98  11:31  Probe  
  105  11:43  Probe  
  106  11:47  Observer  
  106  11:50  Photon Cannon  
  106  11:53  Photon Cannon  
  107  11:55  Probe  
Show
View Real Time Build Order
Export as new Build Order

GoSu Terran 

Build Orders:  

Get SALT Encoding   

  12  0:00  SCV  
  13  0:12  SCV  
  14  0:19  Supply Depot  
  14  0:25  SCV  
  15  0:41  SCV  
  16  0:43  Barracks  
  16  0:49  Refinery  
  16  0:58  SCV  
  16  1:06  Barracks  
  16  1:10  SCV  
  17  1:25  Barracks  
  17  1:38  SCV  
  17  1:40  Supply Depot  
  16  1:53  Bunker  
  16  1:54  Marine  
  17  2:10  Barracks Tech Lab  
  17  2:11  Marine  
  17  2:13  Marine  
  19  2:26  Reaper  
  20  2:31  Orbital Command  
  20  2:46  Reaper  
  20  2:47  Refinery  
  20  3:02  SCV  
  20  3:06  Barracks Tech Lab  
  20  3:14  SCV  
  21  3:25  Barracks Reactor  
  21  3:26  SCV, Stimpack  
  22  3:28  Barracks Tech Lab  
  22  3:38  SCV  
  23  3:50  SCV  
  24  4:02  SCV  
  25  4:14  SCV  
  26  4:23  Command Center  
  26  4:26  SCV, Factory  
  27  4:32  Combat Shield  
  27  4:38  SCV  
  28  4:50  Marine  
  28  4:51  SCV, Marine  
  31  5:01  Supply Depot  
  31  5:05  SCV, Marauder  
  34  5:11  Marine x2  
  36  5:14  Concussive Shells  
  36  5:17  SCV, Marauder  
  39  5:27  Supply Depot  
  39  5:29  SCV  
  39  5:32  Marine x2  
  42  5:41  SCV  
  43  5:49  Factory Tech Lab  
  43  5:50  Starport  
  43  5:55  Marauder  
  45  6:04  Engineering Bay  
  45  6:05  SCV  
  43  6:17  SCV, Engineering Bay  
  41  6:24  SCV  
  40  6:29  SCV  
  41  6:36  SCV  
  42  6:41  SCV  
  43  6:52  Missile Turret  
  43  6:53  SCV  
  44  6:56  Missile Turret  
  44  6:57  Missile Turret  
  44  6:59  Missile Turret  
  44  7:06  SCV  
  44  7:07  Starport Reactor  
  44  7:08  Missile Turret  
  45  7:15  Missile Turret  
  45  7:18  SCV  
  45  7:19  Missile Turret  
  46  7:22  Orbital Command  
  46  7:30  SCV  
  46  7:35  Hi-Sec Auto Tracking  
  47  7:40  Marauder  
  47  7:42  SCV  
  47  7:43  Marine  
  47  7:44  Marine x2  
  52  7:46  Medivac x2  
  57  7:54  SCV  
  58  8:00  Supply Depot  
  58  8:01  Marine x2  
  58  8:02  Marauder  
  62  8:06  SCV  
  62  8:07  Refinery  
  62  8:11  Marine  
  64  8:16  Medivac  
  64  8:19  Marauder, Marine  
  69  8:23  Marine  
  70  8:29  Marine  
  70  8:33  SCV  
  72  8:37  Marine  
  72  8:40  Marine  
  72  8:41  Marine  
  74  8:46  SCV  
  74  8:47  Marine  
  77  8:55  Marine  
  78  9:02  SCV  
  78  9:12  Marine  
  78  9:13  Marine  
  78  9:14  Medivac  
  78  9:16  Marauder x2  
  72  9:30  Marine  
  66  9:31  Marine  
  66  9:32  SCV  
  66  9:34  Refinery  
  66  9:37  Barracks, Marine  
  66  9:38  Marauder  
  68  9:39  Barracks  
  66  9:48  Marine  
  66  9:49  Marine  
  65  9:54  SCV, Marine  
  65  9:59  Marauder  
  68  10:06  SCV x2, Marine  
  69  10:07  Marine  
  69  10:13  Marauder  
  68  10:18  SCV  
  68  10:20  Marauder  
  67  10:24  Marine  
  67  10:25  Marine  
  66  10:34  Marine  
  66  10:35  Supply Depot  
  66  10:36  Supply Depot  
  66  10:38  Barracks Reactor x2  
  66  10:41  Marine  
  66  10:42  Marine x2  
  62  10:52  Marauder  
  62  10:53  Medivac x2  
  68  10:59  Marine  
  68  11:00  Marauder, Marine  
  72  11:13  Marine  
  72  11:15  Marine x2  
  72  11:16  Marine x2  
  72  11:17  Marine  
  72  11:18  Marine  
  78  11:21  Marauder  
  78  11:23  Medivac x2  
  85  11:31  Marine, Command Center  
  86  11:35  Marine  
  86  11:36  Marine  
  88  11:42  Marine  
  89  11:47  Marine x4  
  89  11:53  Marine  
  94  11:55  Supply Depot  
Show
View Real Time Build Order
Export as new Build Order

Interpol Terran 

Build Orders: Reaper Expand 

Get SALT Encoding   

  12  0:02  SCV  
  13  0:14  SCV  
  14  0:18  Supply Depot  
  14  0:26  SCV  
  15  0:40  Refinery, SCV  
  16  0:46  Barracks  
  16  0:59  SCV  
  17  1:09  Barracks  
  17  1:22  Supply Depot  
  17  1:33  Bunker  
  17  1:42  Marine  
  16  2:09  Marine  
  17  2:27  Marine x2  
  19  2:31  Orbital Command  
  19  2:44  Marine  
  19  2:45  Reaper  
  19  2:49  Command Center  
  21  3:13  SCV  
  21  3:15  Refinery  
  21  3:18  Supply Depot  
  22  3:21  Barracks Tech Lab  
  22  3:23  Barracks Reactor  
  22  3:25  SCV  
  23  3:37  SCV  
  24  3:41  Stimpack  
  24  3:49  SCV, Factory  
  25  3:56  Marine  
  25  4:01  SCV  
  27  4:13  Marine  
  27  4:14  SCV  
  29  4:23  Marine  
  29  4:24  Marine  
  31  4:38  Factory Tech Lab  
  31  4:40  Marine  
  32  4:45  Factory  
  32  4:46  Orbital Command  
  32  4:58  Marauder  
  32  4:59  Marine  
  34  5:01  Siege Tank  
  38  5:12  Starport  
  38  5:14  SCV, Supply Depot  
  38  5:19  SCV  
  40  5:30  Factory Tech Lab  
  40  5:32  Supply Depot  
  40  5:34  SCV, Siege Tank  
  44  5:38  SCV  
  45  5:46  SCV, Marine  
  47  5:50  SCV  
  48  5:58  Starport Reactor  
  48  5:59  SCV  
  48  6:02  SCV  
  50  6:05  Starport Reactor  
  50  6:06  Engineering Bay, Siege Tank  
  53  6:22  Armory  
  53  6:33  Marine x2  
  53  6:38  Missile Turret  
  55  6:44  Missile Turret  
  55  6:46  Missile Turret  
  55  6:51  Missile Turret  
  55  6:56  SCV x2  
  57  7:07  Siege Tank x2  
  63  7:08  SCV x2  
  63  7:11  Missile Turret  
  63  7:14  Viking  
  63  7:15  Viking  
  69  7:19  Refinery  
  69  7:20  SCV  
  70  7:33  SCV  
  70  7:42  SCV  
  68  7:51  SCV, Marine  
  70  7:59  Supply Depot  
  70  8:02  Supply Depot  
  70  8:04  Supply Depot  
  70  8:18  Supply Depot  
  70  8:21  SCV x2, Marine x3, Viking  
  70  8:22  Supply Depot  
  70  8:23  Thor  
  70  8:24  Viking  
  85  8:38  Marine  
  85  8:39  SCV  
  87  8:42  Refinery  
  87  8:49  Thor  
  63  10:37  Thor x2  
  63  10:39  Viking  
  63  10:40  Viking  
  71  10:51  Marine x2  
  71  10:52  Marine  
  58  11:07  Starport  
  58  11:09  Marine x2, Viking x2  
  58  11:10  Marine  
  65  11:12  Command Center  
  65  11:14  Command Center  
  65  11:20  Thor  
  65  11:24  Barracks  
  71  11:27  Barracks, Marine x3  
  74  11:39  Viking x2  
  78  11:44  Marine  
  78  11:45  Marine x2  
Tags
 
Add a new tag
Caveats
  • Supply blocks, unpowered buildings, or Contaminate may cause inaccurate times.
  • Supply counts are checked every 10 seconds.